 Dungeon Crawl Stone Soup version 0.19.0-20-gbc5f0c6 (webtiles) character file.

114 McCoppin the Sneak (level 4, -7/27 HPs)
             Began as an Octopode Necromancer on Nov 17, 2016.
             Killed from afar by a rime drake (34 damage)
             ... with a flash freeze
             ... created by the adversity of Qazlal
             ... on level 3 of the Dungeon.
             The game lasted 00:11:51 (2038 turns).

McCoppin the Sneak (Octopode Necromancer)           Turns: 2038, Time: 00:11:57

Health: -7/27      AC:  1    Str: 11    XL:     4   Next: 98%
Magic:  7/7        EV: 13    Int: 17    God:
Gold:   166        SH:  0    Dex: 13    Spells: 3 memorised, 0 levels left

rFire  x x .     SeeInvis .     f - +0 dagger
rCold  x x .     Gourm    .     (no shield)
rNeg   . . .     Faith    .     (helmet restricted)
rPois  .         Spirit   .     h - amulet of regeneration
rElec  .         Reflect  .     v - +4 ring of strength
rCorr  .         Harm     .     (no ring)
MR     .....                    (no ring)
Stlth  ++++......               (no ring)
                                (no ring)
                                (no ring)
                                (no ring)
                                (no ring)

@: no status effects
A: almost no armour, stealthy swim, amphibious, 8 rings, constrict 8, camouflage
1, gelatinous body 1, cold vulnerability 2, heat vulnerability 2
a: no special abilities


You were on level 3 of the Dungeon.
You were not hungry.

You visited 1 branch of the dungeon, and saw 3 of its levels.

You collected 174 gold pieces.
You donated 8 gold pieces to Zin.

Inventory:

Hand Weapons
 f - a +0 dagger (weapon)
Armour
 q - a +0 buckler
Jewellery
 h - an amulet of regeneration (around mantle)
 v - a +4 ring of strength (left tentacle)
Wands
 r - a wand of paralysis (9/24)
Scrolls
 c - a scroll of fear {unknown}
 e - 2 scrolls of remove curse
 i - a scroll of enchant weapon {unknown}
 j - a scroll of fog {unknown}
 k - a scroll of recharging {unknown}
 m - a scroll of noise
 n - 2 scrolls of magic mapping
Potions
 l - a potion of agility {unknown}
 o - a potion of degeneration {unknown}
Books
 a - a book of Necromancy

   Spells                             Type                      Level
   a - Pain                           Necromancy                   1
   b - Animate Skeleton               Necromancy                   1
   c - Vampiric Draining              Necromancy                   3
   d - Regeneration                   Charms/Necromancy            3
   e - Animate Dead                   Necromancy                   4
   f - Control Undead                 Necromancy                   4
Comestibles
 b - 2 bread rations
 p - 4 chunks of flesh
 s - 2 beef jerkies
 t - a meat ration
 u - a slice of pizza


   Skills:
 - Level 2.0 Dodging
 + Level 7.1 Stealth
 - Level 2.0 Spellcasting
 - Level 4.0 Necromancy


You couldn't memorise any spells.
You knew the following spells:

 Your Spells              Type           Power        Failure   Level  Hunger
a - Pain                  Necr           ###.         3%          1    #......
b - Vampiric Draining     Necr           ###.......   12%         3    ###....
c - Regeneration          Chrm/Necr      #.........   24%         3    ###....


Dungeon Overview and Level Annotations

Branches:
Dungeon (3/15)

Altars:
Cheibriados
Nemelex Xobeh
Qazlal
Vehumet
Zin


Innate Abilities, Weirdness & Mutations

You cannot wear most types of armour.
You are very stealthy in the water. (Stealth+)
You are amphibious.
You can wear up to eight rings at the same time.
You can use your tentacles to constrict eight enemies at once.
Your skin changes colour to match your surroundings (Stealth+).
Your rubbery body absorbs attacks. (AC +1, EV +1)
[You are very vulnerable to cold. (rC--)]
[You are very vulnerable to heat. (rF--)]


Message History

Found a radiant altar of Vehumet.
There is an open door here.
You open the door.
There is an open door here.
Qazlal incites the elements against you!
The divine experience confuses you!
You are confused.
A rime drake comes into view.
You're too confused!
It was a potion of cancellation.
Your magical effects are unravelling.
You feel magically purged.
You feel less confused.
As you read the scroll labeled OMAUMU MEFO, it crumbles to dust.
You hear a loud clanging noise!
It was a scroll of noise.
You hear a shout! x2
The rime drake breathes ice at you. The flash freeze hits you!
You feel a painful chill!
Ouch! That really hurt!
You die...

#.........# #..##.
#.###+###.######.....
#.# #.#
#......#..รท##
#.###.###.####.....##
#.'.._..'.## ##.....#
#.#######..# ###....
#.# ### #..# ###..
#.#######..# #..
#...@......###### ##.
######k#........####.
#.########.....# .#
#####.# #.. ##.
######### ##......##
##........#


You could see a rime drake.

Vanquished Creatures
  A hound (D:3)
  4 gnolls (D:2)
  A leopard gecko (D:3)
  5 bats
  A giant cockroach (D:3)
  3 goblins (D:2)
  8 hobgoblins
  2 jackals (D:3)
  5 kobolds
  A quokka (D:2)
  6 frilled lizards
  7 rats
44 creatures vanquished.

Notes
Turn   | Place    | Note
-------+----------+-------------------------------------------
     0 | D:1      | McCoppin the Octopode Necromancer began the quest for the Orb.
     0 | D:1      | Reached XP level 1. HP: 11/11 MP: 3/3
    87 | D:1      | Reached skill level 3 in Stealth
   374 | D:1      | Reached XP level 2. HP: 17/17 MP: 5/5
   537 | D:1      | Reached skill level 4 in Stealth
  1035 | D:2      | Found a sparkling altar of Nemelex Xobeh.
  1176 | D:2      | Reached XP level 3. HP: 21/21 MP: 6/6
  1259 | D:2      | Found a faded altar of an unknown god.
  1259 | D:2      | Found a faded altar of an unknown god.
  1265 | D:2      | Found a faded altar of an unknown god.
  1267 | D:2      | Found a snail-covered altar of Cheibriados.
  1268 | D:2      | Found a faded altar of an unknown god.
  1277 | D:2      | Became a worshipper of Zin the Law-Giver
  1277 | D:2      | Reached * piety under Zin
  1302 | D:2      | Fell from the grace of Zin
  1319 | D:2      | Reached skill level 5 in Stealth
  1367 | D:2      | Became a worshipper of Qazlal Stormbringer
  1367 | D:2      | Reached * piety under Qazlal
  1389 | D:2      | Fell from the grace of Qazlal
  1457 | D:2      | Reached XP level 4. HP: 16/27 MP: 7/7
  1468 | D:2      | Learned a level 3 spell: Vampiric Draining
  1472 | D:2      | Learned a level 3 spell: Regeneration
  1517 | D:2      | Reached skill level 6 in Stealth
  1912 | D:2      | Reached skill level 7 in Stealth
  2022 | D:3      | Found a radiant altar of Vehumet.
  2037 | D:3      | Noticed a rime drake
  2038 | D:3      | Killed from afar by a rime drake

Skill      XL: |  1  2  3  4 |
---------------+-------------+-----
Stealth        | 3 4 5 7 |  7.1
Dodging        | |  2.0
Spellcasting   | |  2.0
Necromancy     | |  4.0

Action                   |  1- 3 |  4- 6 || total
-------------------------+-------+-------++-------
Melee: Unarmed           |     7 |       ||     7
       Dagger            |    66 |    36 ||   102
       Constrict         |    20 |     7 ||    27
       Tentacles         |    13 |     6 ||    19
 Cast: Pain              |     5 |       ||     5
Invok: Renounce Religion |     2 |       ||     2
  Use: Scroll            |       |     3 ||     3
       Potion            |       |     2 ||     2
 Stab: Sleeping          |     8 |     4 ||    12
       Distracted        |     1 |       ||     1
  Eat: Chunk             |     1 |     3 ||     4
Armor: Skin              |    16 |     4 ||    20
Dodge: Dodged            |    53 |    24 ||    77
